 Dungeon Crawl Stone Soup version 0.29-a0-1023-g6ae1a4a2c7 (webtiles) character file.

Game seed: 14572869272937067025

106 spiderkeys the Trooper (level 4, 0/49 HPs)
             Began as an Octopode Berserker on Aug 12, 2022.
             Was a Believer of Trog.
             Slain by an orc
             ... wielding a +0 club
              (3 damage)
             ... on level 4 of the Dungeon.
             The game lasted 00:03:03 (3133 turns).

spiderkeys the Trooper (Octopode Berserker)         Turns: 3133, Time: 00:03:04

Health: 0/49       AC:  1    Str: 16    XL:     4   Next: 84%
Magic:  4/4        EV: 11    Int:  9    God:    Trog [**....]
Gold:   130        SH:  0    Dex: 13    Spells: 3/3 levels left

rFire   . . .      SeeInvis .   a - +0 falchion
rCold   . . .      Faith    .   (no shield)
rNeg    + . .      Spirit   .   (helmet restricted)
rPois   .          Reflect  .   (no amulet)
rElec   .          Harm     .   N - ring of positive energy
rCorr   .          Rampage  .   (no ring)
Will    .....                   (no ring)
Stlth   ..........              (no ring)
HPRegen 0.16/turn               (no ring)
MPRegen 0.09/turn               (no ring)
                                (no ring)
                                (no ring)

@: berserking, constricted, very quick
A: almost no armour, amphibious, 8 rings, camouflage 1, gelatinous body 1,
(nimble swimmer 1), tentacles
a: Renounce Religion, Berserk, Trog's Hand


You were on level 4 of the Dungeon.
You worshipped Trog.
Trog was pleased with you.
You visited 1 branch of the dungeon, and saw 4 of its levels.

You collected 130 gold pieces.


Innate Abilities, Weirdness & Mutations

You cannot wear most types of armour.
You are amphibious.
You can wear up to eight rings at the same time.
Your skin changes colour to match your surroundings (Stealth+).
Your rubbery body absorbs attacks. (AC +1, EV +1)
((You are camouflaged when in or above water. (Stealth+)))
You have tentacles for arms and can constrict up to eight enemies at once.


   Skills:
 + Level 3.7 Fighting
 + Level 3.7 Long Blades
 + Level 3.6 Dodging
 + Level 3.0 Stealth


You had 3 spell levels left.
You didn't know any spells.
Your spell library contained the following spells:

 Spells                   Type           Power      Damage    Failure   Level
 Scorch                   Fire           0%         2d5       52%         2
 Flame Wave               Conj/Fire      0%         2d4       99%         4
 Summon Cactus Giant      Summ           0%         N/A       100%        6

Inventory:

Hand Weapons
 a - a +0 falchion (weapon)
 b - a +0 sling
   (You found it on level 1 of the Dungeon)
Missiles
 g - 26 stones
Magical Staves
 h - a staff of fire {forbidden!a}
   (You found it on level 1 of the Dungeon)
Jewellery
 N - a ring of positive energy (left tentacle)
   (You found it on level 1 of the Dungeon)
Wands
 s - a wand of flame (14)
   (You found it on level 3 of the Dungeon)
Scrolls
 d - 2 scrolls of teleportation {@r4}
 e - a scroll of fog
 f - 2 scrolls of enchant weapon {unknown}
 j - a scroll of identify {@r1}
 m - a scroll of brand weapon
 n - 2 scrolls of immolation {unknown}
 r - a scroll of noise {unknown}
Potions
 c - a potion of curing {unknown}
 i - a potion of degeneration {unknown}
 k - 2 potions of magic {unknown}
 l - a potion of ambrosia {unknown}
 o - a potion of lignification {unknown}
 p - a potion of invisibility {unknown}
 q - a potion of heal wounds {unknown}

Dungeon Overview and Level Annotations

Branches:
Dungeon (4/15) Zot: 20852
 Temple: D:4-7

Altars:

Shops:
D:2

( ............
........... ..........#
....).....##
...........# #....
.........(.# #....
......{oS..# #....
.......@...# #....
...........# #....
...........# #....
...........# #....
..........##########>...
..........##....#......#
................#......#
........[.......#......#
................#<.....#


You could see an orc and a ball python.


Message History

Found a stone staircase leading down.
There is a stone staircase leading up here.
There is a stone staircase leading down here.
You open the door.
There is an open door here.
Key pressed, stopping explore.
Key pressed, stopping explore.
You open the door.
There is an open door here.
You now have 130 gold pieces (gained 7).
You hear the slow rusting of a very distant drain.
You open the door.
A giant cockroach comes into view.
There is an open door here.
A giant cockroach is nearby!
The helpless giant cockroach fails to defend itself.
You hit the giant cockroach. Your grab misses the giant cockroach.
You squeeze the giant cockroach.
You kill the giant cockroach!
Trog accepts your kill.
Your Stealth skill increases to level 3!
No target in view!
No target in view!
A hobgoblin comes into view.
A hobgoblin is nearby!
A hobgoblin is nearby!
A kobold comes into view. It is wielding a +0 club.
An orc comes into view. It is wielding a +0 hand axe.
The kobold shouts!
An orc wizard comes into view. It is wielding a +0 dagger.
An orc comes into view. It is wielding a +0 club.
You closely miss the kobold.
The hobgoblin shouts!
You grab the kobold. You squeeze the kobold.
You kill the kobold!
Trog accepts your kill.
You hear an angry hiss.
You closely miss the orc. You grab the orc. You squeeze the orc!
You kill the orc!
Trog accepts your kill.
A ball python comes into view.
The orc wizard casts a spell.
The orc wizard flickers and vanishes!
Deactivating autopickup; reactivate with Ctrl-A.
You hit the hobgoblin. You grab the hobgoblin. You constrict the hobgoblin.
You kill the hobgoblin!
Trog accepts your kill. The orc misses you. Something hits you.
Items here: )) ††. 😕 HP[-3]
You take 3 damage, and now have 30/33 hp.
You closely miss the orc. Your grab misses the orc. The orc misses you.
Something hits you. 😕 HP[-2]
You take 2 damage, and now have 28/33 hp.
You hit something. The orc hits you with a +0 club. Something hits you.
The ball python completely misses you.
The ball python closely misses you. 😕 HP[-2]
You take 2 damage, and now have 26/33 hp.
You hit something but do no damage. The orc hits you with a +0 club.
You hear some strange, mumbled words.
Something tries to affect you, but you resist.
The ball python barely misses you. The ball python misses you. 😮 HP[-3]
You take 3 damage, and now have 23/33 hp.
You hit something. The ball python misses you. The ball python grabs you.
The ball python constricts you. The orc hits you with a +0 club.
You hear some strange, mumbled words.
A magic dart appears from out of thin air!
The magic dart hits you!
* * * LOW HITPOINT WARNING * * *
The ball python completely misses you. The ball python constricts you.
* * * LOW HITPOINT WARNING * * *
😨 HP[-14]
You take 14 damage, and now have 9/33 hp.
MASSIVE DAMAGE!! (PAUSE)
Okay, then.
A red film seems to cover your vision as you go berserk!
You feel yourself moving faster!
You feel mighty! The orc hits you with a +0 club.
* * * LOW HITPOINT WARNING * * *
Something hits you.
* * * LOW HITPOINT WARNING * * *
The ball python bites you.
* * * LOW HITPOINT WARNING * * *
The ball python constricts you.
* * * LOW HITPOINT WARNING * * *
😱 HP[-3]
You now have 49 max hp (+16).
Unknown command.
You closely miss something. Something hits you.
* * * LOW HITPOINT WARNING * * *
The orc barely misses you. The ball python misses you.
The ball python constricts you.
* * * LOW HITPOINT WARNING * * *
😱 HP[-3]
You take 3 damage, and now have 3/49 hp.
You barely miss something. The orc hits you with a +0 club.
You die...

Skill      XL: |  1  2  3  4 |
---------------+-------------+-----
Stealth        | 1 2 3 |  3.0
Fighting       | |  3.7
Long Blades    | |  3.7
Dodging        | |  3.6

Action                   |  1- 3 |  4- 6 || total
-------------------------+-------+-------++-------
Melee: Falchion          |    75 |    43 ||   118
       Constrict         |    21 |    13 ||    34
       Tentacles         |    20 |     5 ||    25
       Punch             |     2 |       ||     2
 Fire: Sling             |     5 |       ||     5
Invok: Berserk           |       |     1 ||     1
       Trog's Hand       |       |     1 ||     1
  Use: Scroll            |       |     3 ||     3
 Stab: Sleeping          |    12 |    13 ||    25
Armor: Skin              |     9 |       ||     9
Dodge: Dodged            |    53 |    26 ||    79

Levels and vault maps discovered:
D:1:      mrwooster_arrival_arrow, layout_basic, minmay_pentomino_v4
D:2:      layout_rooms, serial_shops, nicolae_shop_bloodbath_and_beyond,
          hellmonk_ecumenical_altar_run_dry
D:3:      layout_loops_corners
D:4:      layout_gridville, cheibrodos_sewer_entry_sluice, serial_shops, shop

Notes
Turn   | Place    | Note
-------+----------+-------------------------------------------
     0 | D:1      | spiderkeys the Octopode Berserker began the quest for the
                  | Orb.
     0 | D:1      | Reached XP level 1. HP: 16/16 MP: 1/1
     0 | D:1      | magus.rc [v1.11.3]
   131 | D:1      | Reached skill level 1 in Stealth
   131 | D:1      | Reached XP level 2. HP: 15/21 MP: 2/2
   566 | D:1      | Reached XP level 3. HP: 21/26 MP: 3/3
   734 | D:1      | Reached ** piety under Trog
  1184 | D:2      | Reached skill level 2 in Stealth
  1291 | D:2      | You pick up a book of Scorching {forbidden} and begin
                  | reading...
  1291 | D:2      | You add the spells Scorch, Flame Wave and Summon Cactus
                  | Giant to your library.
  1670 | D:2      | Found Ywnorph's Weapon Emporium.
  1703 | D:2      | Reached XP level 4. HP: 27/31 MP: 4/4
  1906 | D:2      | Found a faded altar of an unknown god.
  2657 | D:3      | HP: 8/32 [poisoned by an adder]
  3112 | D:4      | Reached skill level 3 in Stealth
  3131 | D:4      | HP: 11/49 [orc/+0 club (3)]
  3132 | D:4      | HP: 4/49 [something (2)]
  3133 | D:4      | Slain by an orc

Vanquished Creatures
  3 adders
  A worm (D:3)
  2 dart slugs (D:1)
  An orc (D:4)
  11 ball pythons
  5 endoplasms
  10 giant cockroaches
  2 goblins (D:1)
  6 hobgoblins
  4 jackals (D:1)
  6 kobolds
  4 quokkas
  3 bats
  A frilled lizard (D:3)
  4 rats
63 creatures vanquished.

Table legend:
 A = Non-vault XP
 B = Vault XP
 C = Vault XP percentage of total XP
 D = Non-vault monster count
 E = Vault monster count
 F = Vault count percentage of total count
                 A         B        C        D         E       F
            +---------+---------+-------+---------+---------+-------
      Total |     147 |       5 |   3.3 |      60 |       3 |   4.8
            +---------+---------+-------+---------+---------+-------
        D:1 |      46 |       5 |   9.8 |      23 |       3 |  11.5
        D:2 |      33 |       0 |   0.0 |      13 |       0 |   0.0
        D:3 |      59 |       0 |   0.0 |      20 |       0 |   0.0
        D:4 |       9 |       0 |   0.0 |       4 |       0 |   0.0
            +---------+---------+-------+---------+---------+-------

Illustrated notes

Table legend:
 A = Kills in this place as a percentage of kills in entire the game.
 B = Kills by you in this place as a percentage of kills by you in the entire game.
 C = Kills by friends in this place as a percentage of kills by friends in the entire game.
 D = Other kills in this place as a percentage of other kills in the entire game.
 E = Experience gained in this place as a percentage of experience gained in the entire game.
 F = Experience gained in this place divided by the number of levels of this place that you have seen.
                   A       B       C       D       E      F
               +-------+-------+-------+-------+-------+----------------------
         Total | 100.0 | 100.0 |   N/A |   N/A | 100.0 |  38.0
       Dungeon | 100.0 | 100.0 |   N/A |   N/A | 100.0 |  38.0
               +-------+-------+-------+-------+-------+----------------------

Table legend: (Time is in decaauts)
 A = Elapsed time spent in this place.
 B = Non-inter-level travel time spent in this place.
 C = Inter-level travel time spent in this place.
 D = Time resting spent in this place.
 E = Time spent auto-exploring this place.
 F = Levels seen in this place.
 G = Mean time per level.
                   A        B        C        D        E       F      G
               +--------+--------+--------+--------+--------+-----+--------+
         Total |   3146 |   3052 |     94 |    150 |   2509 |   4 |  786.5 |
       Dungeon |   3146 |   3052 |     94 |    150 |   2509 |   4 |  786.5 |
               +--------+--------+--------+--------+--------+-----+--------+

Top non-repeatable levels by time:
     D:1: 1172 daAuts
     D:3: 1079 daAuts
     D:2: 816 daAuts
     D:4: 78 daAuts
